 Dungeon Crawl Stone Soup version 0.22.0-38-g04b72b8 (webtiles) character file.

78 torrenera the Skirmisher (level 4, -4/41 HPs)
             Began as a Minotaur Abyssal Knight on Aug 29, 2018.
             Was a Believer of Lugonu.
             Slain by Natasha (6 damage)
             ... on level 2 of the Dungeon.
             The game lasted 00:03:01 (1105 turns).

torrenera the Skirmisher (Minotaur Abyssal Knight)  Turns: 1105, Time: 00:03:02

Health: -4/41      AC:  9    Str: 18    XL:     4   Next: 15%
Magic:  4/4        EV:  7    Int:  9    God:    Lugonu [**....]
Gold:   14         SH:  0    Dex:  9    Spells: 3/3 levels left

rFire    . . .     SeeInvis .   a - +1 hand axe
rCold    . . .     Gourm    .   (no shield)
rNeg     . . .     Faith    .   k - +0 chain mail
rPois    .         Spirit   .   (helmet restricted)
rElec    .         Reflect  .   (no cloak)
rCorr    .         Harm     .   (no gloves)
MR       .....                  (no boots)
Stlth    ..........             (no amulet)
HPRegen  0.13/turn              (no ring)
MPRegen  0.09/turn              (no ring)

@: lethally poisoned (-4 -> -6), hasted, very quick
A: retaliatory headbutt, horns 2
a: Depart the Abyss, Bend Space, Renounce Religion


You were on level 2 of the Dungeon.
You worshipped Lugonu.
Lugonu was pleased with you.
You were not hungry.

You visited 1 branch of the dungeon, and saw 2 of its levels.
You visited the Abyss 1 time.

You collected 14 gold pieces.

Inventory:

Hand Weapons
 a - a +1 hand axe (weapon)
Missiles
 g - 40 stones (quivered)
 n - 2 needles of sleeping
Armour
 k - a +0 chain mail (worn)
Jewellery
 l - an uncursed ring of resist corrosion {unknown}
Scrolls
 b - a scroll of fear {unknown}
 d - a scroll of noise {unknown}
 e - a scroll of fog {unknown}
 h - 2 scrolls of identify {unknown}
 m - a scroll of amnesia {unknown}
Potions
 i - a potion of flight
 o - a potion of cancellation
Comestibles
 c - 2 rations
 j - 3 chunks of flesh


   Skills:
 + Level 4.5 Fighting
 + Level 3.7 Axes
 + Level 3.2 Armour
 + Level 1.5 Dodging
 + Level 1.9 Invocations


You had 3 spell levels left.
You didn't know any spells.
Your spell library was empty.

Dungeon Overview and Level Annotations

Branches:
Dungeon (2/15)

Altars:

Annotations:
D:2 Natasha


Innate Abilities, Weirdness & Mutations

You reflexively headbutt those who attack you in melee.
You have a pair of horns on your head.


Message History

* * * LOW HITPOINT WARNING * * *
You feel sick. The adder barely misses you.
You closely miss the adder. Your headbutt misses the adder.
The adder is heavily wounded.
The adder bites you but does no damage.
You barely miss the adder. Your headbutt misses the adder.
The adder is heavily wounded.
The adder bites you but does no damage.
You closely miss the adder. Your headbutt misses the adder.
The adder is heavily wounded.
* * * LOW HITPOINT WARNING * * *
You feel sick.
Natasha mumbles some strange words.
Natasha's front paws start to glow.
The adder barely misses you.
You hit the adder. Your headbutt misses the adder.
The adder is almost dead.
You barely miss Natasha. The adder bites you but does no damage.
Natasha claws you.
You die...

... #.# #.#
#.# #.#
##.##
#...######
#.....lS.#
###
#...####@##
..# #####
#h.# ..
##.# ..
####.##.###
#.....#...
#.....#.#
#....<..#
#.....#.#
#.....#.#


You could see Natasha, an adder and a frilled lizard.

Vanquished Creatures
  Natasha (D:2)
  An ooze (D:1)
  4 dart slugs (D:1)
  A leopard gecko (D:1)
  6 bats
  A giant cockroach (D:1)
  A goblin (D:1)
  8 hobgoblins (D:1)
  6 jackals (D:1)
  3 kobolds (D:1)
  2 frilled lizards (D:1)
  2 rats (D:1)
36 creatures vanquished.

Notes
Turn   | Place    | Note
-------+----------+-------------------------------------------
     0 | Abyss:1  | torrenera the Minotaur Abyssal Knight began the quest for the Orb.
     0 | Abyss:1  | Reached XP level 1. HP: 19/19 MP: 1/1
    30 | Abyss:1  | Noticed a bone dragon
    33 | D:1      | Escaped the Abyss
   189 | D:1      | Reached XP level 2. HP: 19/27 MP: 2/2
   219 | D:1      | Reached * piety under Lugonu
   732 | D:1      | Reached skill level 4 in Fighting
   792 | D:1      | Reached XP level 3. HP: 29/33 MP: 3/3
  1073 | D:2      | Noticed Natasha
  1091 | D:2      | Killed Natasha
  1091 | D:2      | Reached ** piety under Lugonu
  1091 | D:2      | Reached XP level 4. HP: 7/41 MP: 4/4
  1098 | D:2      | Noticed Natasha
  1101 | D:2      | HP: 2/41 [poisoned by an adder]
  1105 | D:2      | Slain by Natasha

Skill      XL: |  1  2 |
---------------+-------+-----
Armour         | 3 |  3.2
Axes           | 3 |  3.7
Fighting       | 4 |  4.5
Dodging        | |  1.5
Invocations    | |  1.9

Action                   |  1- 3 |  4- 6 || total
-------------------------+-------+-------++-------
Melee: Hand axe          |    92 |     4 ||    96
       Headbutt          |    14 |       ||    14
Invok: Depart the Abyss  |     1 |       ||     1
  Use: Potion            |       |     3 ||     3
  Eat: Chunk             |     1 |       ||     1
Armor: Leather armour    |    15 |       ||    15
       Chain mail        |    36 |     6 ||    42
Dodge: Dodged            |    61 |     3 ||    64
